 Dungeon Crawl Stone Soup version 0.24-a0-271-ga0fc33f (webtiles) character file.

Game seed: 3260213958880872360

70 Lanoc the Slasher (level 4, -5/40 HPs)
             Began as a Draconian Monk on Apr 23, 2019.
             Was a Believer of Ashenzari.
             Slain by an ice beast (12 damage)
             ... on level 2 of the Dungeon.
             The game lasted 00:03:59 (1492 turns).

Lanoc the Slasher (Draconian Monk)                  Turns: 1492, Time: 00:04:00

Health: -5/40      AC:  5    Str: 14    XL:     4   Next: 3%
Magic:  4/4        EV: 13    Int: 10    God:    Ashenzari [**....]
Gold:   89         SH:  0    Dex: 14    Spells: 3/3 levels left

rFire    . . .     SeeInvis .   a - +0 falchion
rCold    . . .     Gourm    .   (no shield)
rNeg     . . .     Faith    .   (armour unavailable)
rPois    .         Spirit   .   (helmet restricted)
rElec    .         Reflect  .   (no cloak)
rCorr    +         Harm     .   (no gloves)
MR       .....                  (no boots)
Stlth    ++........             (no amulet)
HPRegen  0.13/turn              g - ring of resist corrosion
MPRegen  0.09/turn              (no ring)

@: no status effects
A: unfitting armour, cold-blooded, AC +5
a: Curse Item, Scrying, Renounce Religion


You were on level 2 of the Dungeon.
You worshipped Ashenzari.
Ashenzari was pleased with you.
You were very hungry.

You visited 1 branch of the dungeon, and saw 2 of its levels.

You collected 89 gold pieces.

Inventory:

Hand Weapons
 a - a +0 falchion (weapon)
Jewellery
 g - a ring of resist corrosion (left hand)
Scrolls
 c - a scroll of fog {unknown}
 h - 2 scrolls of remove curse
 i - 2 scrolls of magic mapping {unknown}
 k - a scroll of teleportation {unknown}
 l - a scroll of identify {unknown}
Potions
 d - a potion of mutation {unknown}
 e - a potion of heal wounds {unknown}
 f - a potion of curing {unknown}
 j - a potion of flight {unknown}
Comestibles
 b - 5 rations


   Skills:
 + Level 3.8 Fighting
 * Level 4.1 Long Blades
 + Level 3.2 Dodging
 - Level 1.7 Stealth


You had 3 spell levels left.
You didn't know any spells.
Your spell library was empty.

Dungeon Overview and Level Annotations

Branches:
Dungeon (2/15)

Altars:
Ashenzari
Kikubaaqudgha
Qazlal
Vehumet


Innate Abilities, Weirdness & Mutations

Your plain brown scales are hard. (AC +5)
You cannot fit into any form of body armour.
You are cold-blooded and may be slowed by cold attacks.


Message History

The ice beast is severely wounded.
You hit the ice beast.
Your tail-slap misses the ice beast.
The ice beast is almost dead.
The ice beast hits you. The ice beast freezes you!
You feel yourself slow down.
You hit the ice beast but do no damage.
The ice beast is almost dead.
The ice beast hits you but does no damage.
The ice beast closely misses you.
You riposte.
You hit the ice beast but do no damage.
The ice beast is almost dead.
You closely miss the ice beast.
You tail-slap the ice beast, but do no damage.
The ice beast is almost dead.
You feel yourself speed up. The ice beast hits you. The ice beast freezes you!
* * * LOW HITPOINT WARNING * * *
The ice beast hits you.
* * * LOW HITPOINT WARNING * * *
The ice beast freezes you!
You die...

.# #.# #.# .#####.#
#.# ....##.# #.#
.##.##.# #.#
.##.##.# #.#
.##.##.# #.#
.....#.# #.#
.....#.# ####.#
#....#.# #.@..#
#......########Y####
#................#
##...........##.
'.>.#.#.####.##.,
###.#.#.#..#.##. *
###.#.#.#..#.##.
....#...#..#.##.
#########..#.#*


You could see an ice beast.

Vanquished Creatures
  An adder (D:2)
  An ooze (D:1)
  3 leopard geckos
  7 bats
  6 giant cockroaches
  5 goblins
  5 hobgoblins
  3 jackals (D:2)
  3 frilled lizards
  9 kobolds
  4 rats (D:1)
47 creatures vanquished.

Vanquished Creatures (others)
  An ooze (D:2)
  A rat (D:2)
2 creatures vanquished.

Grand Total: 49 creatures vanquished

Notes
Turn   | Place    | Note
-------+----------+-------------------------------------------
     0 | D:1      | Lanoc the Draconian Monk began the quest for the Orb.
     0 | D:1      | Reached XP level 1. HP: 19/19 MP: 1/1
    33 | D:2      | Reached XP level 2. HP: 21/26 MP: 2/2
    43 | D:2      | Found a radiant altar of Vehumet.
    79 | D:2      | Noticed an ice beast
   551 | D:1      | Reached XP level 3. HP: 23/31 MP: 3/3
   816 | D:2      | Found a stormy altar of Qazlal.
   816 | D:2      | Noticed an earth elemental
   817 | D:2      | Noticed a fire elemental
   971 | D:2      | Noticed an air elemental
   978 | D:2      | Noticed a water elemental
  1039 | D:2      | Reached skill level 4 in Long Blades
  1292 | D:2      | Found a shattered altar of Ashenzari.
  1334 | D:2      | Became a worshipper of Ashenzari the Shackled
  1334 | D:2      | Reached * piety under Ashenzari
  1334 | D:2      | Reached ** piety under Ashenzari
  1361 | D:2      | Found an ancient bone altar of Kikubaaqudgha.
  1388 | D:2      | Reached XP level 4. HP: 40/40 MP: 4/4
  1492 | D:2      | Slain by an ice beast

Levels and vault maps discovered:
D:1:      dpeg_arrival_pits, layout_basic
D:2:      layout_basic, nicolae_qazlal_style_of_elements,
          nicolae_overflow_hidden_temple, fiery_altar_vehumet,
          grunt_decor_arrowhead, grunt_ministairs_2,
          nicolae_ashenzari_panopticon

Skill      XL: |  1  2  3 |
---------------+----------+-----
Dodging        | 3 |  3.2
Long Blades    | 4 |  4.1
Fighting       | |  3.8
Stealth        | |  1.7

Action                   |  1- 3 |  4- 6 || total
-------------------------+-------+-------++-------
Melee: Falchion          |   122 |    10 ||   132
       Tailslap          |    12 |     2 ||    14
 Stab: Sleeping          |     6 |       ||     6
  Eat: Chunk             |     1 |       ||     1
Armor: Skin              |    37 |     2 ||    39
Dodge: Dodged            |   106 |     6 ||   112
       Rpst.: Falchion   |    39 |     3 ||    42

Table legend:
 A = Non-vault XP
 B = Vault XP
 C = Vault XP percentage of total XP
 D = Non-vault monster count
 E = Vault monster count
 F = Vault count percentage of total count
                 A         B        C        D         E       F
            +---------+---------+-------+---------+---------+-------
      Total |      95 |       5 |   5.0 |      45 |       2 |   4.3
            +---------+---------+-------+---------+---------+-------
        D:1 |      52 |       0 |   0.0 |      27 |       0 |   0.0
        D:2 |      43 |       5 |  10.4 |      18 |       2 |  10.0
            +---------+---------+-------+---------+---------+-------
